 Dungeon Crawl Stone Soup version 0.30-a0-313-gae38170b09 (webtiles) character file.

Game seed: 16478336445254298509

15788 Angani the Thrower (level 12, -3/94 HPs)
             Began as a Grey Draconian Brigand on Oct 26, 2022.
             Was the Champion of Okawaru.
             Slain by a cane toad (14 damage)
             ... on level 3 of the Lair of Beasts.
             The game lasted 00:38:18 (12779 turns).

Angani the Thrower (Grey Draconian Brigand)        Turns: 12779, Time: 00:38:19

Health: -3/94      AC: 19    Str: 17    XL:     12   Next: 4%
Magic:  21/21      EV: 17    Int: 12    God:    Okawaru [******]
Gold:   721        SH:  0    Dex: 17    Spells: 11/11 levels left

rFire   . . .      SeeInvis .    C - +5 war axe "Gram" {vorpal, rElec rPois Str+3 Dex-2}
rCold   + . .      Faith    .    p - orb {*Rage}
rNeg    . . .      Spirit   .    (body armour unavailable)
rPois   +          Reflect  .    (helmet restricted)
rElec   +          Harm     .    b - +2 cloak
rCorr   .          Rampage  .    q - +1 pair of gloves
Will    .....      Rage     20%  J - +0 pair of boots
Stlth   ++++++....               (no amulet)
HPRegen 0.35/turn                s - ring of magical power
MPRegen 0.17/turn                L - ring "Zehuv" {rElec rC+ Dex+2 Stlth+}

@: on berserk cooldown
A: AC +13, amphibious, unfitting armour, cold-blooded
a: Renounce Religion, Heroism, Finesse, Duel


You were on level 3 of the Lair of Beasts.
You worshipped Okawaru.
Okawaru was exalted by your worship.
You visited 2 branches of the dungeon, and saw 16 of its levels.
You also visited: Ice Cave.

You collected 890 gold pieces.
You spent 169 gold pieces at shops.

Inventory:

Hand Weapons
 y - a +0 dagger of venom
 C - the +5 war axe "Gram" (weapon) {vorpal, rElec rPois Str+3 Dex-2}
   (You found it on level 7 of the Dungeon)

   It inflicts extra damage upon your enemies.
   Str:       It affects your strength (+3).
   Dex:       It affects your dexterity (-2).
   rElec:     It insulates you from electricity.
   rPois:     It protects you from poison.
Missiles
 c - 40 poisoned darts (quivered)
 d - 9 curare-tipped darts
 A - 6 atropa-tipped darts
 F - 3 throwing nets
 O - 9 boomerangs
 R - 24 stones
 S - a datura-tipped dart
Armour
 b - a +2 cloak (worn)
 m - a scarf of invisibility
 p - an orb of wrath (worn)
 q - a +1 pair of gloves (worn)
 J - a +0 pair of boots (worn)
 N - the +0 pair of boots of Nihilism {+Inv rElec rPois rC-}
   (Okawaru gifted it to you on level 9 of the Dungeon)

   rC:        It makes you vulnerable to cold.
   rElec:     It insulates you from electricity.
   rPois:     It protects you from poison.
   +Inv:      It lets you turn invisible.
Jewellery
 s - a ring of magical power (left hand)
 L - the ring "Zehuv" (right hand) {rElec rC+ Dex+2 Stlth+}
   (You found it on level 8 of the Dungeon)

   [ring of protection from cold]

   Dex:       It affects your dexterity (+2).
   rC:        It protects you from cold.
   rElec:     It insulates you from electricity.
   Stlth:     It makes you more stealthy.
 U - a ring of ice
Wands
 a - a wand of digging (6)
 n - a wand of roots (3)
 t - a wand of paralysis (13)
 G - a wand of polymorph (6)
 T - a wand of flame (9)
Scrolls
 f - 2 scrolls of noise
 k - a scroll of poison
 l - 6 scrolls of teleportation
 o - a scroll of amnesia
 u - a scroll of enchant weapon
 v - 2 scrolls of fog
 w - a scroll of immolation
 B - a scroll of magic mapping
 K - a scroll of blinking
 P - 2 scrolls of brand weapon
Potions
 e - 3 potions of might
 g - 2 potions of haste
 h - a potion of brilliance
 i - 6 potions of curing
 j - 6 potions of heal wounds
 r - 2 potions of cancellation {unknown}
 x - 2 potions of resistance {unknown}
 z - 3 potions of lignification {unknown}
 D - a potion of magic {unknown}
 E - 3 potions of invisibility {unknown}
 H - 3 potions of degeneration {unknown}
 I - 3 potions of attraction {unknown}
 M - a potion of berserk rage {unknown}
 Q - a potion of flight


   Skills:
 + Level 5.0 Fighting
 - Level 2.1 Short Blades
 - Level 12.7 Throwing
 + Level 8.8 Dodging
 - Level 10.5 Stealth


You had 11 spell levels left.
You didn't know any spells.
Your spell library contained the following spells:

 Spells                   Type           Power      Damage    Failure   Level
 Foxfire                  Conj/Fire      0%         2x1d4     32%         1
 Kiss of Death            Conj/Necr      0%         2d5       32%         1
 Necrotise                Necr           0%         1d4       32%         1
 Confusing Touch          Hex            0%         N/A       69%         3
 Dispel Undead            Necr           0%         3d6       97%         4
 Fulminant Prism          Conj/Hex       0%         3d6       97%         4
 Iskenderun's Mystic Bla  Conj/Tloc      0%         2d3       97%         4
 Fireball                 Conj/Fire      0%         3d3       100%        5
 Starburst                Conj/Fire      0%         6d3       100%        6
 Borgnjor's Revivificati  Necr           0%         N/A       100%        8


Dungeon Overview and Level Annotations

Branches:
Dungeon (13/15)            Temple (0/1) D:5            Lair (3/5) D:10
 Shoals (0/4) Lair:3        Snake (0/4) Lair:2          Orc (0/2) D:9
  IceCv (visited)
 Vaults: D:13-14

Altars:
Ashenzari
Cheibriados
Dithmenos
Gozag
Hepliaklqana
Nemelex Xobeh
Okawaru
Ru
Sif Muna
Uskayaw
Yredelemnul
Zin

Shops:
D:1 :[(   D:5 ?


Innate Abilities, Weirdness & Mutations

Your dull iron-grey scales are very hard. (AC +13)
You are amphibious.
You cannot fit into any form of body armour.
You are cold-blooded and may be slowed by cold attacks.


Message History

You hit the wolf. You hit the cane toad but do no damage.
You feel yourself speed up. The wolf bites you but does no damage.
The wolf completely misses you. The wolf bites you but does no damage.
The wolf closely misses you. The cane toad stings you!
The wolf misses you. x2; The cane toad misses you.
The wolf closely misses you. The wolf barely misses you.
The cane toad stings you.
You closely miss the wolf.
Your tail-slap misses the wolf.
The wolf is heavily wounded.
You slash the cane toad! You miss the wolf. The wolf misses you. x2
The wolf bites you. The wolf misses you. The cane toad barely misses you.
The wolf barely misses you. x2
Unknown command.
You slash the wolf!
The wolf is severely wounded.
You hit the cane toad. You barely miss the wolf. The wolf barely misses you.
The wolf bites you. The cane toad closely misses you.
The wolf bites you but does no damage. The wolf misses you.
The cane toad misses you.
Unknown command.
You hit the wolf.
You kill the wolf!
Okawaru accepts your kill.
You miss the wolf. You closely miss the cane toad. The wolf misses you.
The cane toad barely misses you. The wolf bites you but does no damage.
The cane toad stings you!
* * * LOW HITPOINT WARNING * * *
The wolf barely misses you.
Your Fighting skill increases to level 5!
You hit the cane toad.
Your tail-slap misses the cane toad.
The cane toad is almost dead.
You miss the wolf. The wolf closely misses you. The cane toad stings you!
* * * LOW HITPOINT WARNING * * *
The wolf bites you but does no damage. The cane toad stings you.
* * * LOW HITPOINT WARNING * * *
The wolf barely misses you.
You barely miss the cane toad.
The cane toad is almost dead.
You closely miss the wolf. The wolf misses you. The cane toad stings you!
You die...

.P..........# o..
..P###...P.## .~
####.#.P..P## ~(
##..##.#.PP.....
.# ##~
#...........#.#PP
..~#..#
##..####.P..#.##
.>[~...###..##
###..#.#
#~.)(.#..##
...... #.##@..#
##.#### #†)F.h##
## ###...# #####


You could see a cane toad and a wolf.

Vanquished Creatures
  Harold (Lair:1)
  Urug (Lair:3)
  Sonja (Lair:1)
  2 ugly things
  A black mamba (Lair:1)
  3 rime drakes
  3 cane toads (Lair:2)
  A komodo dragon (Lair:2)
  A troll (D:9)
  A polar bear (Lair:2)
  5 blink frogs (Lair:1)
  Sigmund (D:6)
  18 yaks
  Eustachio (D:6)
  A basilisk (Lair:1)
  A steam dragon (D:6)
  3 vampire mosquitoes (D:10)
  A death yak simulacrum (IceCv)
  3 nagas (Lair:2)
  8 water moccasins
  5 orc warriors
  3 black bears
  7 ogres
  4 centaurs
  3 wolves (Lair:3)
  2 phantoms (D:7)
  7 kobold brigands
  5 gnoll sergeants (D:9)
  6 bullfrogs
  A cane toad simulacrum (IceCv)
  4 scorpions
  13 wights
  3 killer bees (D:8)
  2 elephant simulacra (IceCv)
  3 hounds
  3 orc priests
  An iguana (D:7)
  5 orc wizards
  A polar bear simulacrum (IceCv)
  A wolf simulacrum (IceCv)
  18 gnolls
  Robin (D:2)
  3 adders
  An ufetubus (D:5)
  A worm (D:3)
  2 dart slugs (D:3)
  26 orcs
  6 ball pythons
  13 endoplasms
  6 giant cockroaches
  17 goblins
  7 hobgoblins
  16 jackals
  19 kobolds
  6 quokkas
  6 bats
  3 frilled lizards
  7 rats
294 creatures vanquished.

Vanquished Creatures (others)
  56 fungi
  48 plants (D:10)
104 creatures vanquished.

Grand Total: 398 creatures vanquished

Notes
Turn   | Place    | Note
-------+----------+-------------------------------------------
     0 | D:1      | Angani the Draconian Brigand began the quest for the Orb.
     0 | D:1      | Reached XP level 1. HP: 17/17 MP: 1/1
    92 | D:1      | Reached skill level 2 in Throwing
   125 | D:1      | Reached XP level 2. HP: 25/25 MP: 2/2
   303 | D:1      | Found Turin's Antique Armour Emporium.
   350 | D:1      | Found Raaceg's Book Emporium.
   384 | D:1      | Found Rithruo's Antique Weapon Shop.
   403 | D:1      | Found a faded altar of an unknown god.
   406 | D:1      | Prayed at the altar of an unknown god.
   406 | D:1      | Became a worshipper of Warmaster Okawaru
   406 | D:1      | Reached * piety under Okawaru
   620 | D:1      | Reached XP level 3. HP: 31/31 MP: 3/3
   968 | D:2      | Noticed Robin
   984 | D:2      | HP: 1/31 [goblin/+0 dagger[Robin] (3)]
  1128 | D:2      | Killed Robin
  1329 | D:2      | Reached skill level 3 in Throwing
  1329 | D:2      | Reached XP level 4. HP: 34/40 MP: 4/4
  2117 | D:3      | Reached XP level 5. HP: 46/46 MP: 5/5
  2677 | D:3      | Found a broken altar of Ashenzari.
  2962 | D:4      | Reached skill level 4 in Throwing
  3056 | D:4      | Found a glowing silver altar of Zin.
  3249 | D:4      | Reached XP level 6. HP: 43/52 MP: 6/6
  3477 | D:4      | Found a basalt altar of Yredelemnul.
  3477 | D:4      | Found a hide-covered altar of Uskayaw.
  3514 | D:4      | Found a sparkling altar of Nemelex Xobeh.
  3699 | D:5      | Entered Level 5 of the Dungeon
  3775 | D:5      | Reached ** piety under Okawaru
  3776 | D:5      | Reached skill level 5 in Stealth
  3852 | D:5      | Found Ynousk's Magic Scroll Shop.
  3858 | D:5      | Found a staircase to the Ecumenical Temple.
  3861 | D:5      | Bought a scroll of identify for 26 gold pieces
  3863 | D:5      | Bought a scroll of teleportation for 39 gold pieces
  3863 | D:5      | Bought a scroll of fog for 52 gold pieces
  3863 | D:5      | Bought a scroll of immolation for 52 gold pieces
  3936 | D:5      | Reached skill level 5 in Throwing
  3936 | D:5      | Your scales start taking on a dull iron-grey colour.
  3936 | D:5      | Reached XP level 7. HP: 55/59 MP: 7/7
  4095 | D:5      | Found a shimmering blue altar of Sif Muna.
  4371 | D:6      | Noticed Eustachio
  4394 | D:6      | Killed Eustachio
  4493 | D:6      | Noticed a steam dragon
  4543 | D:6      | Reached skill level 6 in Throwing
  4656 | D:6      | Noticed Sigmund
  4666 | D:6      | Killed Sigmund
  4666 | D:6      | Reached *** piety under Okawaru
  4666 | D:6      | Received a gift from Okawaru
  4667 | D:6      | Reached XP level 8. HP: 62/66 MP: 8/8
  5107 | D:6      | Reached skill level 7 in Throwing
  5619 | D:7      | Identified the +5 war axe "Gram" {vorpal, rElec rPois Str+3
                  | Dex-2}
  5843 | D:7      | Reached **** piety under Okawaru
  5843 | D:7      | Received a gift from Okawaru
  5844 | D:7      | Reached XP level 9. HP: 41/71 MP: 9/9
  5997 | D:7      | Found an opulent altar of Gozag.
  6002 | D:7      | Found a sacrificial altar of Ru.
  6002 | D:7      | Found a snail-covered altar of Cheibriados.
  6469 | D:8      | Reached skill level 8 in Throwing
  6891 | D:8      | Identified the ring "Zehuv" {rElec rC+ Dex+2 Stlth+}
  7153 | D:8      | Found a hazy altar of Hepliaklqana.
  7156 | D:8      | Found a shadowy altar of Dithmenos.
  7371 | D:9      | Noticed a purple ugly thing
  7375 | D:9      | Killed a purple ugly thing
  7462 | D:9      | Reached skill level 9 in Throwing
  7533 | D:9      | Reached skill level 10 in Stealth
  7547 | D:9      | Reached ***** piety under Okawaru
  7815 | D:9      | Found a staircase to the Orcish Mines.
  7815 | D:9      | Noticed a troll
  7828 | D:9      | Reached XP level 10. HP: 69/78 MP: 10/10
  7839 | D:9      | Reached skill level 1 in Dodging
  7839 | D:9      | Received a gift from Okawaru
  7851 | D:9      | Reached skill level 10 in Throwing
  7851 | D:9      | Identified the +0 pair of boots of Nihilism {+Inv rElec
                  | rPois rC-} (Okawaru gifted it to you on level 9 of the
                  | Dungeon)
  7851 | D:9      | Received a gift from Okawaru
  8754 | D:10     | Entered Level 10 of the Dungeon
  9387 | D:10     | You fall into a shaft and drop 3 floors!
  9431 | D:10     | Reached skill level 5 in Dodging
  9535 | D:10     | Reached skill level 11 in Throwing
  9694 | D:10     | Reached XP level 11. HP: 82/84 MP: 11/11
  9762 | D:10     | Found a staircase to the Lair.
 10164 | Lair:1   | Entered Level 1 of the Lair of Beasts
 10164 | Lair:1   | Noticed Sonja
 10170 | Lair:1   | Killed Sonja
 10373 | Lair:1   | Found a frozen archway.
 10388 | IceCv    | Entered an ice cave
 10388 | IceCv    | Noticed a white ugly thing
 10408 | IceCv    | Killed a white ugly thing
 10526 | IceCv    | Found a transporter.
 10532 | IceCv    | Found a transporter.
 10548 | IceCv    | Identified the +1 ring mail of Creativity {Will+}
 10661 | Lair:1   | Reached skill level 12 in Throwing
 10757 | Lair:1   | Got Sif Muna's Compilation of Sepulchral Attacks
 11143 | Lair:1   | Noticed Harold
 11156 | Lair:1   | Killed Harold
 11156 | Lair:1   | Received a gift from Okawaru
 11676 | Lair:2   | Found a staircase to the Snake Pit.
 12043 | Lair:2   | Reached ****** piety under Okawaru
 12747 | Lair:3   | Received a gift from Okawaru
 12752 | Lair:3   | Found a staircase to the Shoals.
 12753 | Lair:3   | Noticed Urug
 12763 | Lair:3   | Killed Urug
 12763 | Lair:3   | Received a gift from Okawaru
 12764 | Lair:3   | Reached XP level 12. HP: 76/93 MP: 12/12
 12778 | Lair:3   | Reached skill level 5 in Fighting
 12779 | Lair:3   | Slain by a cane toad

Illustrated notes

Levels and vault maps discovered:
D:1:      dpeg_arrival_brainrot, layout_basic, serial_shops, shop, shop,
          nicolae_shop_window_shopping, ebering_ecumenical_altar_abandoned,
          minmay_pentomino_v2
D:2:      layout_loops_ring, kennysheep_generic_room_10, uniq_robin
D:3:      minmay_chambers_of_threes, layout_loops_cross,
          lemuel_coloured_pillars_altar
D:4:      layout_basic, mainiacjoe_overflow_divided_tiny,
          mainiacjoe_overflow_paths, kennysheep_little_box
D:5:      layout_rooms, mainiacjoe_overflow_boulevard,
          minmay_temple_entry_crystal_x, serial_shops, shop
D:6:      layout_rooms, hangedman_decor_peaks_small, nrook_campfire,
          uniq_sigmund, uniq_eustachio
D:7:      nicolae_cairo_tiling_large_dashed, layout_cave_pools,
          grunt_temple_overflow_open
D:8:      layout_loops_cross, riverfiend_overflow_shadow_ancestor
D:9:      layout_basic, kennysheep_orc_monster_closet_entryway
D:10:     layout_loops_ring, due_lair_maze_entry_diamond
D:11:     layout_long_grid, serial_shops,
          nicolae_shop_temple_entry_statues_fountains, nicolae_hexahallways
D:12:     layout_roguey
D:13:     cheibrodos_lost_city_excavation, layout_long_grid
Lair:1:   layout_loops_ring, portal_ice_cave_rime, uniq_harold, uniq_sonja
Lair:2:   layout_chaotic_city, guppyfry_snake_entry_island, wad_woods_road_03
Lair:3:   layout_loops_ring, elwin_shoals_entry_rocks, serial_bayou_shore_a,
          grunt_megastairs_3, uniq_urug

Skill      XL: |  1  2  3  4  5  6  7  8  9 10 11 12 |
---------------+-------------------------------------+-----
Throwing       | 2 3 4 5 6 7 9 11 12 | 12.7
Fighting       | 3 4 5 |  5.0
Stealth        | 4 5 6 8 10 | 10.5
Dodging        | 5 8 |  8.8
Short Blades   | |  2.1

Action                   |  1- 3 |  4- 6 |  7- 9 | 10-12 || total
-------------------------+-------+-------+-------+-------++-------
Melee: Dagger            |   112 |   249 |   371 |    36 ||   768
       Tailslap          |     9 |    30 |    57 |    44 ||   140
       Punch             |     1 |     5 |     3 |       ||     9
       War axe           |       |       |       |   220 ||   220
       Lajatang          |       |       |       |    12 ||    12
Throw: Dart              |     7 |    28 |    23 |    40 ||    98
       Stone             |     1 |       |       |       ||     1
       Throwing net      |       |     1 |       |       ||     1
       Boomerang         |       |       |       |    33 ||    33
Evoke: Wand              |       |       |     7 |    32 ||    39
  Use: Scroll            |     4 |     5 |     4 |    10 ||    23
       Potion            |     2 |       |       |     2 ||     4
 Stab: Sleeping          |     9 |     9 |     3 |     3 ||    24
       Paralysed         |       |       |     1 |       ||     1
       Distracted        |       |       |       |     1 ||     1
Armor: Skin              |    36 |    61 |   177 |   189 ||   463
Dodge: Dodged            |    57 |   116 |   202 |   356 ||   731

Table legend: (Time is in decaauts)
 A = Elapsed time spent in this place.
 B = Non-inter-level travel time spent in this place.
 C = Inter-level travel time spent in this place.
 D = Time resting spent in this place.
 E = Time spent auto-exploring this place.
 F = Levels seen in this place.
 G = Mean time per level.
                   A        B        C        D        E       F      G
               +--------+--------+--------+--------+--------+-----+--------+
         Total |  13109 |  12722 |    387 |   3350 |   6710 |  17 |  771.1 |
       Dungeon |  10348 |   9997 |    351 |   2500 |   5380 |  13 |  796.0 |
          Lair |   2578 |   2542 |     36 |    736 |   1330 |   3 |  859.3 |
      Ice Cave |    182 |    182 |      0 |    113 |      0 |   1 |  182.0 |
               +--------+--------+--------+--------+--------+-----+--------+

Top non-repeatable levels by time:
     D:9: 1673 daAuts
  Lair:2: 1251 daAuts
    D:10: 1221 daAuts
  Lair:1: 1120 daAuts
     D:7: 1106 daAuts
     D:8: 1075 daAuts
     D:2: 977 daAuts
     D:1: 966 daAuts
     D:3: 922 daAuts
     D:6: 918 daAuts
     D:4: 796 daAuts
     D:5: 655 daAuts
  Lair:3: 206 daAuts
   IceCv: 182 daAuts
    D:11: 17 daAuts
